 Dungeon Crawl Stone Soup version 0.27-a0-1186-g8b4daa1eef (webtiles) character file.

Game seed: 16286529635872454380

317947 Shayle the Fighter (level 20, -22/158 HPs)
             Began as a Demonspawn Warper on May 19, 2021.
             Was the Champion of Wu Jian.
             Annihilated by an orc warlord
             ... wielding a +3 great sword of flaming
              (48 damage)
             ... on level 2 of the Vaults.
             The game lasted 02:43:49 (40231 turns).

Shayle the Fighter (Demonspawn Warper)             Turns: 40231, Time: 02:43:49

Health: -22/158    AC: 17    Str: 22    XL:     20   Next: 56%
Magic:  35/35      EV: 27    Int: 15    God:    Wu Jian [******]
Gold:   3679       SH: 14    Dex: 29    Spells: 29/41 levels left

rFire    + + +     SeeInvis .   l - +11 quick blade of Trauma {flame, Str+4 Int+2}
rCold    . . .     Faith    .   t - +2 buckler {rN+}
rNeg     + . .     Spirit   .   g - +3 leather armour "Forget-Me-Not" {rPois Str+2 Int-5 Dex+3}
rPois    +         Reflect  +   q - +2 helmet
rElec    .         Harm     .   W - +2 cloak {rF+}
rCorr    .         Rampage  .   s - +2 pair of gloves {Str+3}
Will     +++..                  (boots unavailable)
Stlth    +++++++++.             I - amulet of reflection
HPRegen  0.36/turn              T - ring of Oniwinop {Will+ Int+3 Stlth+}
MPRegen  0.24/turn              R - ring "Idoor" {rF+++ Will+}

@: mighty, agile
A: hooves 3, thin skeletal structure 3, demonic guardian 2, powered by pain 3,
augmentation 2
}: 2/15 runes: decaying, serpentine
a: Renounce Religion, Wall Jump, Serpent's Lash, Heavenly Storm


You were on level 2 of the Vaults.
You worshipped Wu Jian.
Wu Jian was exalted by your worship.
You visited 7 branches of the dungeon, and saw 34 of its levels.
You also visited: Bailey, Gauntlet, Ice Cave, Volcano and Desolation.

You collected 4045 gold pieces.
You spent 366 gold pieces at shops.

Inventory:

Hand Weapons
 l - the +11 quick blade of Trauma (weapon) {flame, Str+4 Int+2}
   (You acquired it on level 3 of the Dungeon)

   It has been specially enchanted to burn those struck by it, causing extra
   injury to most foes and up to half again as much damage against particularly
   susceptible opponents.
   It affects your strength (+4).
   It affects your intelligence (+2).
Missiles
 r - 14 curare-tipped darts
 w - 8 silver boomerangs
 x - 7 boomerangs
 F - 9 boomerangs of dispersal
 Q - 8 atropa-tipped darts
 U - 8 silver javelins (quivered)
Armour
 g - the +3 leather armour "Forget-Me-Not" (worn) {rPois Str+2 Int-5 Dex+3}
   (You found it on level 1 of the Snake Pit)

   It affects your strength (+2).
   It affects your intelligence (-5).
   It affects your dexterity (+3).
   It protects you from poison.
 q - a +2 helmet (worn)
 s - a +2 pair of gloves of strength (worn)
 t - a +2 buckler of positive energy (worn)
 W - a +2 cloak of fire resistance (worn)
Jewellery
 I - an amulet of reflection (around neck)
 O - a ring of flight
 R - the ring "Idoor" (right hand) {rF+++ Will+}
   (You found it in a Gauntlet)

   [ring of willpower]

   It renders you almost immune to fire.
   It increases your willpower.
 T - the ring of Oniwinop (left hand) {Will+ Int+3 Stlth+}
   (You found it in the Desolation of Salt)

   [ring of willpower]

   It affects your intelligence (+3).
   It increases your willpower.
   It makes you more stealthy.
Wands
 y - a wand of paralysis (45)
 A - a wand of mindburst (36)
 B - a wand of digging (13)
 L - a wand of flame (69)
 M - a wand of iceblast (3)
 Z - a wand of acid (3)
Scrolls
 b - 5 scrolls of identify
 c - 4 scrolls of torment
 e - 7 scrolls of fear
 h - 13 scrolls of teleportation
 j - 3 scrolls of immolation
 k - 5 scrolls of vulnerability
 p - a scroll of silence
 u - a scroll of holy word
 K - 2 scrolls of blinking
 P - a scroll of magic mapping
 Y - 6 scrolls of fog
Potions
 a - 3 potions of resistance
 d - 6 potions of cancellation
 f - 4 potions of mutation
 i - a potion of brilliance
 m - 6 potions of ambrosia
 n - 10 potions of heal wounds
 o - a potion of invisibility
 v - 5 potions of berserk rage
 z - 12 potions of curing
 D - 2 potions of might
 N - 5 potions of haste
 S - 2 potions of magic
Miscellaneous
 H - a phantom mirror


   Skills:
 - Level 13.7 Fighting
 - Level 8.0 Short Blades
 - Level 2.8 Axes
 - Level 0.8 Throwing
 - Level 10.0 Armour
 - Level 10.2 Dodging
 - Level 10.7 Stealth
 - Level 4.0 Shields
 - Level 11.1 Spellcasting
 - Level 9.5 Translocations
 + Level 12.8 Transmutations
 + Level 12.8 Earth Magic
 - Level 13.0 Evocations


You had 29 spell levels left.
You knew the following spells:

 Your Spells              Type           Power      Damage    Failure   Level
a - Blink                 Tloc           N/A        N/A       1%          2
b - Teleport Other        Tloc           37%        N/A       1%          3
c - Manifold Assault      Tloc           37%        N/A       5%          5
d - Passwall              Tmut/Erth      38%        N/A       1%          2

Your spell library contained the following spells:

 Spells                   Type           Power      Damage    Failure   Level
 Apportation              Tloc           74%        N/A       1%          1
 Sandblast                Erth           92%        2d19      1%          1
 Sting                    Tmut/Pois      100%       1d8       1%          1
 Gell's Gravitas          Tloc           18%        N/A       1%          3
 Lesser Beckoning         Tloc           18%        N/A       1%          3
 Stone Arrow              Conj/Erth      54%        3d10      1%          3
 Petrify                  Tmut/Erth      46%        N/A       1%          4
 Hydra Form               Tmut           23%        N/A       1%          5
 Lee's Rapid Deconstruct  Erth           23%        3d14*     1%          5
 Ignite Poison            Fire/Tmut/Pois 21%        N/A       4%          3
 Blade Hands              Tmut           23%        N/A       8%          6
 Animate Skeleton         Necr           16%        N/A       10%         1
 Corona                   Hex            8%         N/A       10%         1
 Freeze                   Ice            32%        1d5       10%         1
 Magic Dart               Conj           32%        1d4       10%         1
 Pain                     Necr           32%        1d5       10%         1
 Summon Small Mammal      Summ           32%        N/A       10%         1
 Call Imp                 Summ           8%         N/A       14%         2
 Corpse Rot               Necr/Air       N/A        N/A       14%         2
 Poisonous Vapours        Pois/Air       16%        N/A       14%         2
 Slow                     Hex            8%         N/A       14%         2
 Sublimation of Blood     Necr           4%         N/A       14%         2
 Borgnjor's Vile Clutch   Necr/Erth      13%        N/A       19%         5
 Yara's Violent Unravell  Hex/Tmut       13%        3d7       19%         5
 Call Canine Familiar     Summ           8%         N/A       28%         3
 Conjure Flame            Conj/Fire      8%         6-21      28%         3
 Frozen Ramparts          Ice            16%        1d3       28%         3
 Mephitic Cloud           Conj/Pois/Air  8%         N/A       28%         3
 Ozocubu's Armour         Ice            8%         N/A       28%         3
 Cause Fear               Hex            4%         N/A       67%         4
 Dispel Undead            Necr           8%         3d8       67%         4
 Hailstorm                Conj/Ice       8%         3d4       67%         4
 Olgreb's Toxic Radiance  Pois           8%         N/A       67%         4
 Summon Lightning Spire   Summ/Air       8%         N/A       67%         4
 Agony                    Necr           8%         N/A       95%         5
 Excruciating Wounds      Necr           4%         N/A       95%         5
 Metabolic Englaciation   Hex/Ice        4%         N/A       95%         5
 Silence                  Hex/Air        4%         N/A       95%         5
 Conjure Ball Lightning   Conj/Air       4%         3x3d6     100%        6
 Summon Hydra             Summ           4%         N/A       100%        7
 Discord                  Hex            4%         N/A       100%        8


Dungeon Overview and Level Annotations

Branches:
Dungeon (15/15)            Temple (1/1) D:7            Lair (6/6) D:9
  Swamp (4/4) Lair:2        Snake (4/4) Lair:2        Slime (0/5) Lair:5
    Orc (2/2) D:12            Elf (0/3) Orc:2        Vaults (2/5) D:14
 Depths (0/5) D:15         Bailey (visited)           IceCv (visited)
Volcano (visited)         Desolation (visited)      Gauntlet (visited)
  Crypt: Vaults:2-3

Altars:
Ashenzari
Cheibriados
Dithmenos
Elyvilon
Fedhas
Gozag
Hepliaklqana
Makhleb
Nemelex Xobeh
Ru
Sif Muna
Trog
Uskayaw
Vehumet
Wu Jian
Xom
Yredelemnul
Zin
The Shining One
Beogh
Jiyva

Shops:
D:4 [   Orc:1 *   Orc:2 *(=[

Annotations:
D:8 1 runed translucent door, tehphobia's ghost, novice DjFE
D:11 1 runed translucent door, Cheivey's ghost, journeyman DsBe


Innate Abilities, Weirdness & Mutations

You have hooves in place of feet.
You have an unnaturally thin skeletal structure. (Dex +6, Stealth+++)
A demonic guardian rushes to your aid.
You are powered by pain.
Your magical and physical power is enhanced at high health.


Message History

You hit the orc warlord but do no damage.
The orc warlord is heavily wounded.
You hit the orc warlord. You burn the orc warlord. You kick the orc warlord!
The orc warlord is heavily wounded.
You puncture the orc warlord! You burn the orc warlord.
You kick the orc warlord!
The orc warlord is almost dead.
You hit the orc warlord. You burn the orc warlord.
You kick the orc warlord, but do no damage.
The orc warlord is almost dead.
You repeatedly attack the deep troll from above.
You puncture the deep troll! You burn the deep troll. You kick the deep troll!
The deep troll is heavily wounded.
You puncture the deep troll! You burn the deep troll.
The deep troll is almost dead.
You puncture the deep troll! You burn the deep troll.
You kill the deep troll!
The Council accepts your kill.
The troll leather armour is intact enough to wear.
The orc warlord hits you with a +3 great sword of flaming!!!
* * * LOW HITPOINT WARNING * * *
You focus on the pain.
You feel more agile all of a sudden. The orc warlord burns you.
* * * LOW HITPOINT WARNING * * *
You block the orc knight's attack. The orc warlord closely misses you.
You block the deep troll's attack. The deep troll misses you.
The deep troll claws you!
* * * LOW HITPOINT WARNING * * *
A demonic guardian appears!
The ironbound preserver casts a spell.
The ironbound preserver begins to accept its allies' injuries.
The orc knight hits you with a +0 war axe!
* * * LOW HITPOINT WARNING * * *
The orc knight hits you with a +0 war axe!
* * * LOW HITPOINT WARNING * * *
The orc knight completely misses you.
You feel much better.
The orc warlord hits you with a +3 great sword of flaming!!!
You die...

#...#.....# #.......
#...#(....#############
#.......
##'##.....'.#.#...#.#.*
#.......
.'.##.....##.#.#.#.#.##
#.......
.####.....#)#.#.#.#.#.#
#.......
#'..#.....##.#p....#.#*
#.......
.#..#.....#.#..p....#,*
#.......
##..'.....#..#oooo.#..#
#.......
#####.....#.#..T@...#,*
#####+##
..........##.#.2...#.#*
#.......
..........#.#.#.#.#.#.#
#.#...#.
..........##.#.#.#.#.##
#.......
..........#.#.#,.,#.#.#
#.......
.)........#*##**##*####
#....... ..........#
#.#...#. ###########
#....... ########


You could see an orc warlord (strong, sheltered), 2 ironbound preservers, 3 orc
knights, a deep troll (sheltered, ally target) and a friendly hell beast
(summoned).

Vanquished Creatures
  Mara (Snake:3)
  Vashnia (Snake:2)
  Rupert (Lair:4)
  A sphinx (Vaults:2)
  Frances (Snake:1)
  3 thorn hunters
  Kirke (Lair:4)
  6 nagarajas
  Donald (Orc:2)
  A fenstrider witch (Swamp:3)
  2 imperial myrmidons (Desolation)
  An orc warlord (Orc:2)
  A frost giant (IceCv)
  3 vault wardens (Vaults:1)
  Louise (Snake:3)
  Aizul (Snake:2)
  A very ugly thing (Vaults:1)
  3 dire elephants
  3 halazid warlocks (Desolation)
  2 bunyips
  A minotaur (Gauntlet)
  An entropy weaver (Vaults:1)
  4 eleionomae
  A crystal guardian (Desolation)
  Josephine (Lair:5)
  2 shambling mangroves
  3 yaktaur captains (Vaults:2)
  4 ragged hierophants
  A fire dragon (D:14)
  5 servants of whispers (Desolation)
  An ironbound thunderhulk (Vaults:2)
  4 salamander tyrants
  A boulder beetle (D:12)
  Erolcha (Orc:1)
  19 hydras
  Erica (D:8)
  25 naga warriors
  7 anacondas
  8 peacekeepers (Desolation)
  2 catoblepae (D:13)
  3 ironbound frosthearts (Vaults:1)
  5 alligators
  A death knight (D:11)
  A two-headed ogre (D:9)
  9 death yaks
  4 tengu warriors
  Sonja (Orc:1)
  Urug (D:13)
  3 shock serpents
  3 ironbound beastmasters
  An orc high priest (Orc:2)
  14 naga sharpshooters
  A hell knight (Volcano)
  Nergalle (Lair:4)
  2 skeletal warriors (D:15)
  A sun demon (Volcano)
  A fire crab (shapeshifter) (D:14)
  2 goliath frogs
  2 sixfirhies (Gauntlet)
  A death drake (Swamp:1)
  5 salamander mystics
  13 swamp dragons
  11 naga ritualists
  5 bog bodies
  2 deep trolls (Vaults:2)
  A spark wasp zombie (D:15)
  A flayed ghost (D:15)
  4 orc knights
  3 necromancers
  3 wizards
  6 ironbound convokers
  9 spriggan druids
  3 lindwurms
  A frost giant zombie (D:15)
  2 oklob plants
  7 mana vipers
  21 salamanders
  A stone giant zombie (D:15)
  2 orc sorcerers (Orc:2)
  5 ugly things
  4 cyclopes
  16 slime creatures
  4 manticores
  2 will-o-the-wisps
  10 guardian serpents
  4 vault sentinels
  38 black mambas
  21 naga magi
  2 ice statues
  3 molten gargoyles
  5 elephants
  Maurice (D:13)
  2 gargoyles (D:12)
  9 cane toads
  6 komodo dragons
  2 efreet (D:14)
  An unseen horror (shapeshifter) (D:14)
  A minotaur zombie (Gauntlet)
  A freezing wraith (D:15)
  10 yaktaurs
  10 rime drakes
  An unseen horror (D:13)
  4 trolls
  2 red devils (Volcano)
  24 polar bears
  A queen bee (Lair:1)
  8 tyrant leeches
  47 saltlings
  4 hornets
  A sphinx simulacrum (Vaults:2)
  A raiju (Lair:6)
  17 blink frogs
  A deep troll zombie (D:15)
  Grinder (D:6)
  13 dream sheep
  8 spriggans
  3 redbacks (Vaults:1)
  7 wraiths
  A shadow (D:10)
  7 wyverns
  A ynoxinul (Gauntlet)
  3 hogs (Lair:4)
  57 yaks
  A water elemental (D:15)
  3 basilisks
  A golden eye (shapeshifter) (D:14)
  5 steam dragons
  5 vampire mosquitoes
  An elf simulacrum (Vaults:2)
  16 swamp worms
  9 wargs
  35 nagas
  An acid dragon (D:10)
  17 hell hounds
  17 water moccasins
  5 swamp drakes (Swamp:4)
  11 ice beasts
  35 orc warriors
  11 black bears (Lair:6)
  2 sky beasts
  11 ogres
  36 wolves
  12 centaurs
  Blork the orc (D:5)
  6 bullfrogs
  2 gnoll sergeants
  2 scorpions
  19 killer bees
  8 wights
  2 vampire bats (D:10)
  6 electric eels
  A howler monkey (D:10)
  4 centaur zombies
  3 lava snakes (Volcano)
  2 bullfrog zombies
  16 orc priests
  2 centaur skeletons (D:7)
  3 hounds
  2 bullfrog skeletons
  3 iron imps (Gauntlet)
  3 iguanas
  14 orc wizards
  Terence (D:4)
  3 killer bee zombies
  A howler monkey zombie (D:5)
  Robin (D:2)
  15 gnolls
  A white imp (Vaults:2)
  An ufetubus (D:5)
  An adder skeleton (D:4)
  3 worms (D:2)
  63 orcs
  13 ball pythons
  7 bats (D:10)
  6 endoplasms
  4 giant cockroaches
  17 goblins
  6 hobgoblins
  5 jackals
  3 quokkas
  3 frilled lizards
  6 kobolds
  3 rats
  A plant (Swamp:2)
1150 creatures vanquished.

Vanquished Creatures (collateral kills)
  A naga warrior (Snake:1)
  4 hydras
  A naga ritualist (Snake:1)
  2 lindwurms (Vaults:1)
  An orc knight (D:12)
  A naga mage (Snake:4)
  A yaktaur (Vaults:1)
  A polar bear (IceCv)
  A hell hound (Lair:6)
  An orc warrior (Orc:1)
  An ogre (Orc:1)
15 creatures vanquished.

Vanquished Creatures (others)
  An alligator (Swamp:2)
  3 polar bears (IceCv)
  3 bloated husks
  A human (Lair:4)
  An orc (Bailey)
  A ball python (D:1)
  A briar patch (Swamp:4)
  2 foxfires (Swamp:2)
  40 fungi
  93 plants
  6 withered plants (D:15)
152 creatures vanquished.

Grand Total: 1317 creatures vanquished

Notes
Turn   | Place    | Note
-------+----------+-------------------------------------------
     0 | D:1      | Shayle the Demonspawn Warper began the quest for the Orb.
     0 | D:1      | Reached XP level 1. HP: 16/16 MP: 3/3
   244 | D:1      | Gained mutation: You have a somewhat thin skeletal
                  | structure. (Dex +2, Stealth+) [demonic ancestry]
   244 | D:1      | Reached XP level 2. HP: 14/23 MP: 5/5
  1138 | D:1      | Found a faded altar of an unknown god.
  1333 | D:2      | HP: 1/23 [worm (9)]
  1805 | D:2      | Gained mutation: You have large cloven feet. [demonic
                  | ancestry]
  1805 | D:2      | Reached XP level 3. HP: 28/28 MP: 6/6
  2672 | D:3      | Identified a scroll of acquirement
  2672 | D:3      | Acquired the +11 quick blade of Trauma {flame, Str+4 Int+2}
  2833 | D:3      | Noticed Robin
  2848 | D:3      | Reached skill level 1 in Stealth
  2848 | D:3      | Reached XP level 4. HP: 11/35 MP: 7/7
  3215 | D:3      | Noticed Terence
  3226 | D:4      | Killed Terence
  3227 | D:4      | Reached skill level 1 in Short Blades
  3807 | D:2      | Killed Robin
  3808 | D:2      | Reached XP level 5. HP: 21/42 MP: 8/8
  4466 | D:4      | Noticed an ogre
  4502 | D:5      | Entered Level 5 of the Dungeon
  4502 | D:5      | Noticed a centaur
  4508 | D:4      | Killed an ogre
  4509 | D:4      | Gained mutation: You have a moderately thin skeletal
                  | structure. (Dex +4, Stealth++) [demonic ancestry]
  4509 | D:4      | Reached XP level 6. HP: 37/48 MP: 9/9
  4783 | D:4      | Found Balew's Antique Armour Emporium.
  4807 | D:4      | Bought a pair of embroidered gloves for 142 gold pieces
  4934 | D:5      | Identified the +5 falchion of Sin {venom, rC+}
  4952 | D:5      | Noticed an ice beast
  4956 | D:5      | Gained mutation: You have hoof-like feet. [demonic
                  | ancestry]
  4956 | D:5      | Reached XP level 7. HP: 55/55 MP: 10/10
  4976 | D:5      | Reached skill level 5 in Fighting
  5430 | D:5      | Gained mutation: You sometimes gain a little power by
                  | taking damage. [demonic ancestry]
  5430 | D:5      | Reached XP level 8. HP: 63/64 MP: 11/11
  5572 | D:6      | Noticed Blork the orc
  5590 | D:5      | Killed Blork the orc
  5635 | D:6      | Reached skill level 5 in Stealth
  5740 | D:6      | Reached skill level 5 in Short Blades
  6157 | D:6      | Noticed Grinder
  6168 | D:6      | Paralysed by Grinder for 3 turns
  6174 | D:6      | Paralysed by Grinder for 6 turns
  6215 | D:6      | Killed Grinder
  6365 | D:6      | Gained mutation: You sometimes gain power by taking damage.
                  | [demonic ancestry]
  6365 | D:6      | Reached XP level 9. HP: 72/72 MP: 12/12
  6532 | D:7      | Found a staircase to the Ecumenical Temple.
  6673 | D:7      | Identified the +0 pair of gloves of Snakes and Ladders
                  | {*Corrode rF+ Regen+ Dex+5}
  6812 | Temple   | Entered the Ecumenical Temple
  6847 | Temple   | Became a worshipper of the Wu Jian Council
  7156 | D:8      | Found a runed translucent door.
  7156 | D:8      | Noticed tehphobia's ghost (novice DjFE)
  7211 | D:8      | Noticed Erica
  7240 | D:8      | Killed Erica
  7466 | D:7      | Identified the +7 whip of Debt {vorpal, rCorr}
  7658 | D:7      | Gained mutation: A weak demonic guardian rushes to your
                  | aid. [demonic ancestry]
  7658 | D:7      | Reached XP level 10. HP: 82/82 MP: 13/13
  8636 | D:9      | Noticed a two-headed ogre
  8643 | D:9      | Killed a two-headed ogre
  8708 | D:9      | Found a bloodstained altar of Trog.
  8799 | D:9      | Learned a level 2 spell: Blink
  8810 | D:9      | Learned a level 3 spell: Teleport Other
  8816 | D:9      | Learned a level 5 spell: Manifold Assault
  8839 | D:9      | Reached * piety under Wu Jian
  8879 | D:9      | Found a staircase to the Lair.
  9433 | Lair:1   | Entered Level 1 of the Lair of Beasts
  9492 | Lair:1   | Noticed a five-headed hydra
  9495 | Lair:1   | Killed a five-headed hydra
  9513 | Lair:1   | Noticed a five-headed hydra
  9549 | Lair:1   | Gained mutation: You are powered by pain. [demonic
                  | ancestry]
  9549 | Lair:1   | Reached XP level 11. HP: 90/90 MP: 14/14
  9575 | Lair:1   | Killed a five-headed hydra
  9576 | Lair:1   | Reached skill level 5 in Translocations
  9692 | Lair:1   | Found a frozen archway.
  9699 | Lair:1   | Reached skill level 5 in Dodging
  9755 | IceCv    | Entered an ice cave
 10095 | IceCv    | Reached skill level 1 in Evocations
 10222 | IceCv    | Reached ** piety under Wu Jian
 10492 | IceCv    | Reached XP level 12. HP: 89/97 MP: 15/15
 10516 | IceCv    | Reached skill level 10 in Stealth
 10639 | IceCv    | Noticed a frost giant
 10639 | IceCv    | Noticed a death yak
 10639 | IceCv    | Noticed a death yak
 10648 | IceCv    | Killed a death yak
 10660 | IceCv    | Killed a frost giant
 10667 | IceCv    | Killed a death yak
 10668 | IceCv    | Reached *** piety under Wu Jian
 11064 | Lair:1   | Reached skill level 5 in Evocations
 11667 | Lair:2   | Found a gate leading to a gauntlet.
 11710 | Gauntlet | Entered a Gauntlet
 11710 | Gauntlet | Found a transporter.
 11725 | Gauntlet | Found a transporter.
 11735 | Gauntlet | Found a transporter.
 11740 | Gauntlet | Found a transporter.
 11759 | Gauntlet | Found a transporter.
 11770 | Gauntlet | Noticed a hell hog
 11774 | Gauntlet | Found a transporter.
 11789 | Gauntlet | Found a transporter.
 11819 | Gauntlet | Found a transporter.
 11822 | Gauntlet | Found the +3 pair of seven-league boots {Rampage+∞}
 11831 | Gauntlet | Found a transporter.
 11834 | Gauntlet | Noticed a five-headed hydra
 11839 | Gauntlet | Noticed a hell hog
 11843 | Gauntlet | Found a transporter.
 11860 | Gauntlet | Found a transporter.
 11877 | Gauntlet | Found a transporter.
 11879 | Gauntlet | Found a transporter.
 11928 | Gauntlet | Found a transporter.
 12089 | Gauntlet | Found a transporter.
 12089 | Gauntlet | Found a transporter.
 12106 | Gauntlet | Reached skill level 1 in Shields
 12116 | Gauntlet | Found a transporter.
 12179 | Gauntlet | Gained mutation: A demonic guardian rushes to your aid.
                  | [demonic ancestry]
 12179 | Gauntlet | Reached XP level 13. HP: 61/102 MP: 16/16
 12352 | Gauntlet | Identified the ring "Idoor" {rF+++ Will+}
 12402 | Gauntlet | Identified the +1 hand axe of Melee {vorpal, rC++ Str+4}
 12402 | Gauntlet | Noticed a minotaur
 12404 | Gauntlet | Reached XP level 14. HP: 109/109 MP: 16/20
 12543 | Lair:1   | Reached skill level 10 in Dodging
 12543 | Lair:1   | Gained mutation: You have an unnaturally thin skeletal
                  | structure. (Dex +6, Stealth+++) [demonic ancestry]
 12543 | Lair:1   | Reached XP level 15. HP: 115/115 MP: 20/22
 12564 | Lair:2   | Reached skill level 1 in Armour
 12564 | Lair:2   | Reached skill level 5 in Spellcasting
 12863 | Lair:2   | Found a staircase to the Snake Pit.
 13003 | Lair:2   | Reached **** piety under Wu Jian
 13179 | Lair:2   | Found a staircase to the Swamp.
 13184 | Lair:2   | Reached skill level 10 in Fighting
 14767 | Lair:4   | Noticed Nergalle
 14773 | Lair:4   | Killed Nergalle
 14818 | Lair:4   | Noticed Rupert
 14824 | Lair:4   | Killed Rupert
 14825 | Lair:4   | Reached XP level 16. HP: 123/123 MP: 25/25
 14892 | Lair:4   | Found a hazy altar of Hepliaklqana.
 15158 | Lair:4   | Noticed Kirke
 15164 | Lair:4   | Killed Kirke
 15697 | Lair:5   | Found a staircase to the Slime Pits.
 15698 | Lair:5   | Found a viscous altar of Jiyva.
 15811 | Lair:5   | Noticed Josephine
 15820 | Lair:5   | Killed Josephine
 15823 | Lair:5   | Reached ***** piety under Wu Jian
 15893 | Lair:5   | Found a dark tunnel.
 15930 | Volcano  | Entered a volcano
 16057 | Volcano  | Found a burning altar of Makhleb.
 16066 | Volcano  | Reached skill level 5 in Armour
 16136 | Volcano  | Reached skill level 10 in Evocations
 16988 | Lair:6   | Entered Level 6 of the Lair of Beasts
 17212 | Lair:6   | Identified the ring "Zohuagim" {*Corrode rPois Dex+6}
 18020 | Lair:6   | Reached ****** piety under Wu Jian
 18031 | Lair:6   | Identified the +7 plate armour of the Nexus {Regen+}
 18628 | D:10     | Entered Level 10 of the Dungeon
 19113 | D:10     | Found a blossoming altar of Fedhas.
 19113 | D:10     | Found a shimmering altar of Xom.
 19878 | D:11     | Found a runed translucent door.
 19880 | D:11     | Noticed Cheivey's ghost (journeyman DsBe)
 19886 | D:11     | Identified the +1 trident of Loah {vorpal, Str+6}
 20668 | D:12     | Found a staircase to the Orcish Mines.
 20701 | Orc:1    | Entered Level 1 of the Orcish Mines
 20704 | Orc:1    | Noticed Erolcha
 20710 | Orc:1    | Killed Erolcha
 20929 | Orc:2    | Entered Level 2 of the Orcish Mines
 20974 | Orc:2    | Found a staircase to the Elven Halls.
 20976 | Orc:2    | Found a burning altar of Makhleb.
 21077 | Orc:2    | Gained mutation: You have hooves in place of feet. [demonic
                  | ancestry]
 21077 | Orc:2    | Reached XP level 17. HP: 117/133 MP: 29/29
 21085 | Orc:2    | Found Ezoaciuwn's Antique Armour Emporium.
 21095 | Orc:2    | Found Itil's Antique Weapon Emporium.
 21168 | Orc:2    | Noticed Donald
 21175 | Orc:2    | Killed Donald
 21410 | Orc:2    | Found Xoseerphy's General Store.
 21418 | Orc:2    | Bought 3 scrolls of fog for 84 gold pieces
 21418 | Orc:2    | Bought a scroll of fog for 28 gold pieces
 21418 | Orc:2    | Bought a potion of heal wounds for 70 gold pieces
 21418 | Orc:2    | Bought a potion of curing for 42 gold pieces
 21430 | Orc:2    | Found Konwur's Jewellery Emporium.
 21713 | Orc:1    | Found Ziomis's General Store.
 21730 | Orc:1    | Noticed Sonja
 21737 | Orc:1    | Killed Sonja
 23005 | D:13     | Noticed Urug
 23011 | D:13     | Killed Urug
 23101 | D:13     | Noticed Maurice
 23103 | D:13     | Killed Maurice
 23359 | D:13     | Found a flagged portal.
 23372 | Bailey   | Entered a bailey
 23857 | Bailey   | Found the +15 Maxwell's patent armour {-Cast -Tele rElec
                  | Will+ rCorr}
 24062 | Snake:1  | Entered Level 1 of the Snake Pit
 25521 | D:14     | Found a gate to the Vaults.
 25753 | D:15     | Entered Level 15 of the Dungeon
 25753 | D:15     | Found a staircase to the Depths.
 25929 | D:15     | Reached skill level 10 in Spellcasting
 26863 | Swamp:1  | Entered Level 1 of the Swamp
 29510 | Swamp:3  | Gained mutation: Your magical and physical power is
                  | slightly enhanced at high health. [demonic ancestry]
 29510 | Swamp:3  | Reached XP level 18. HP: 144/144 MP: 32/32
 29715 | Swamp:4  | Entered Level 4 of the Swamp
 29959 | Swamp:4  | Reached skill level 10 in Armour
 30208 | Swamp:4  | Learned a level 2 spell: Passwall
 30288 | Swamp:4  | Reached skill level 1 in Transmutations
 30288 | Swamp:4  | Reached skill level 1 in Earth Magic
 30455 | Swamp:4  | Got a decaying rune of Zot
 31122 | Snake:1  | Identified the +3 leather armour "Forget-Me-Not" {rPois
                  | Str+2 Int-5 Dex+3}
 31169 | Snake:1  | Noticed Frances
 31175 | Snake:1  | Killed Frances
 32088 | Snake:2  | Reached skill level 5 in Transmutations
 32088 | Snake:2  | Reached skill level 5 in Earth Magic
 32202 | Snake:2  | Noticed Vashnia
 32215 | Snake:2  | Killed Vashnia
 32415 | Snake:2  | Noticed Aizul
 32426 | Snake:2  | Killed Aizul
 33143 | Snake:3  | Identified the +8 tower shield "Yckurha" {Str+3 Stlth+}
 33143 | Snake:3  | Noticed Louise
 33151 | Snake:3  | Killed Louise
 33163 | Snake:3  | Found a shadowy altar of Dithmenos.
 33194 | Snake:3  | Acquired the ring "Ladaum" {Fly rElec rCorr Str-3 Int+6}
 33824 | Snake:3  | Reached XP level 19. HP: 151/151 MP: 34/34
 34062 | Snake:3  | Noticed Mara
 34066 | Snake:3  | Killed Mara
 34178 | Snake:4  | Entered Level 4 of the Snake Pit
 35796 | Snake:4  | Reached skill level 10 in Transmutations
 35796 | Snake:4  | Reached skill level 10 in Earth Magic
 36793 | Snake:4  | Got a serpentine rune of Zot
 37204 | Vaults:1 | Entered Level 1 of the Vaults
 38021 | Vaults:1 | Gained mutation: Your magical and physical power is
                  | enhanced at high health. [demonic ancestry]
 38021 | Vaults:1 | Reached XP level 20. HP: 158/158 MP: 35/35
 38587 | Vaults:2 | Found a ruined gateway.
 38597 | Desolati | Entered the Desolation of Salt
 38858 | Desolati | Identified the Volume of Weightlessness and Transmigration
 38867 | Desolati | Identified the +5 ring mail "Vaqaet" {Str+5}
 38976 | Desolati | Identified the ring "Ilil Xoulo" {Drain rF+ Str+6 Int+2
                  | Dex+3}
 39023 | Desolati | Identified the +1 hand crossbow of Valuable Assets {penet,
                  | Str+2 Dex+5}
 39080 | Desolati | Identified the ring of Oniwinop {Will+ Int+3 Stlth+}
 39082 | Desolati | Identified the +1 ice dragon scales of Zefyuff {rF- rC++
                  | Dex+2}
 39090 | Desolati | Identified Taur's Tome of Cankerous Necromancy
 39097 | Desolati | Identified Sif Muna's Volume of the Entourage and Changing
 40230 | Vaults:2 | HP: 2/158 [orc knight/+0 war axe (10)]
 40231 | Vaults:2 | Annihilated by an orc warlord

Illustrated notes

Levels and vault maps discovered:
D:1:      minmay_arrival_five_plusses, layout_loops_ring,
          chequers_ecumenical_altar_twisty, grunt_decor_mini_mirrors,
          lemuel_flame_loot_1
D:2:      layout_basic
D:3:      wad_pebble_path, layout_loops_ring, uniq_robin, uniq_terence
D:4:      layout_basic, tso_altar, serial_shops, shop_statue,
          minmay_misc_feat_hallway
D:5:      layout_rooms, minmay_misc_feat_room, hex_large, chequers_garden,
          grunt_ministairs_8
D:6:      layout_cave_pools, minmay_misc_feat_cross, amcnicky_mini_pool_medium,
          uniq_grinder, uniq_blork_the_orc
D:7:      layout_rooms, minmay_temple_entry_overgrown, serial_rivers,
          chequers_serial_rivers_large_b, chequers_serial_rivers_micro_d,
          chequers_serial_rivers_micro_b, chequers_serial_rivers_micro_c,
          chequers_serial_rivers_micro_b, chequers_serial_rivers_small_a,
          minivault_4, chequers_jeans
D:8:      layout_layer_cave, gammafunk_ghost_grave, serial_rivers,
          chequers_serial_rivers_marsh, chequers_serial_rivers_small_a,
          chequers_serial_rivers_room_b, chequers_serial_rivers_room_b,
          chequers_serial_rivers_room_b, uniq_erica
D:9:      layout_irregular_city, lightli_temple_of_fire, minmay_lair_entry_grove
D:10:     layout_stronghold, gammafunk_temple_overflow_elements,
          hellmonk_bongcloud_opening, roderic_batcave, grunt_ministairs_5
D:11:     layout_loops_corners, ebering_ghost_funeral_grove,
          lemuel_flamethrower_2
D:12:     layout_grid_maze, david_orc_5, lemuel_nasty_fountain
D:13:     nzn_motion_control, layout_basic, enter_bailey_3, nrook_uturn,
          uniq_urug, uniq_maurice
D:14:     layout_roguey, david_vaults_4
D:15:     gammafunk_depths_entry_grave, layout_loops_cross, serial_bayou,
          serial_bayou_lake_a, serial_bayou_pond_b, serial_bayou_pond_e,
          serial_bayou_pond_c
Temple:   compressed_dpeg_circular_temple
Lair:1:   statuecave_lemuel, layout_gridlike, portal_ice_cave_entry_ice_beasts,
          special_room [special_room_bee], grunt_megastairs_4
Lair:2:   layout_regular_city, minmay_swamp_entry_wisps,
          minmay_snake_entry_six_corridors, gauntlet_entry_generic,
          beast_lair_carwin_3, serial_bayou_shore_a
Lair:3:   layout_hall_layers
Lair:4:   layout_loops_ring, basic_altar, chequers_serial_rivers_micro_b,
          uniq_nergalle, uniq_kirke, uniq_rupert
Lair:5:   layout_concentric_octagons, slime_altar_1,
          nicolae_volcano_entry_two_sided, uniq_josephine
Lair:6:   hangedman_lair_caniforms_friends, layout_layer_cave,
          hangedman_lair_in_review
Swamp:1:  layout_falls_marsh, nicolae_swamp_little_swirl, swamp_pool1,
          hangedman_swamp_diagram
Swamp:2:  layout_basic_swamp, nicolae_swamp_decorative_isthmus, swamp_pool3,
          nicolae_swamp_hydra_murder_den, infiniplex_staircase_pool_2
Swamp:3:  layout_falls_marsh, evilmike_swamp_ruin_house_1
Swamp:4:  swamp_alternative, layout_basic_swamp
Snake:1:  layout_honeycomb, uniq_frances
Snake:2:  layout_onion_interference, serial_bayou_shore_b, uniq_aizul,
          uniq_vashnia
Snake:3:  layout_grid_maze, basic_altar, lemuel_oklob_altar, uniq_mara,
          uniq_louise
Snake:4:  snake_pit, layout_misc_corridors, grunt_ministairs_4
Orc:1:    layout_caves, serial_shops, nicolae_shop_behind_doors, uniq_erolcha,
          uniq_sonja
Orc:2:    grunt_orc_cross, layout_diamond_mine, basic_altar, uniq_donald
Vaults:1: hangedman_vaults_restitches, v_misc_15, v_misc_32, v_misc_2,
          hangedman_vaults_slice, nicolae_vaults_little_ls,
          layout_vaults_quadrants
Vaults:2: vaults_mumra_minichess, nicolae_vaults_rhombus_6, serial_ice_m,
          nicolae_vaults_circle_grid_b, nicolae_vaults_little_squares_3,
          vaults_dpeg_ring, v_pattern_2, vaults_standard_mumra_lines,
          vaults_room_stairs_pillars, nicolae_vaults_diagonal_hallway_7,
          v_alt_pattern_5, hangedman_vaults_stitches, v_rooms_2,
          vaults_room_stairs_pillars, nicolae_vaults_asterisk,
          layout_vaults_omnicross, portal_desolation_entry_salt

Skill      XL: |  1  2  3  4  5  6  7  8  9 10 11 12 13 14 15 16 17 18 19 20 |
---------------+-------------------------------------------------------------+-----
Axes           | 2 |  2.8
Fighting       | 3 4 5 7 8 9 10 12 13 | 13.7
Stealth        | 1 2 3 4 6 8 9 10 | 10.7
Short Blades   | 1 2 3 4 5 7 8 |  8.0
Dodging        | 4 6 8 9 10 | 10.2
Translocations | 4 7 8 9 |  9.5
Evocations     | 3 6 8 9 11 12 13 | 13.0
Shields        | 4 |  4.0
Spellcasting   | 4 6 8 10 11 | 11.1
Armour         | 3 7 9 10 | 10.0
Transmutations | 7 11 12 | 12.8
Earth Magic    | 7 11 12 | 12.8
Throwing       | |  0.8

Action                   |  1- 3 |  4- 6 |  7- 9 | 10-12 | 13-15 | 16-18 | 19-21 || total
-------------------------+-------+-------+-------+-------+-------+-------+-------++-------
Melee: Hand axe          |   116 |       |       |       |       |       |       ||   116
       Quick blade       |    16 |    59 |   129 |   453 |   273 |  2065 |   976 ||  3971
       Kick              |    15 |    14 |    42 |   184 |   105 |   819 |   539 ||  1718
Throw: Boomerang         |     5 |       |       |       |       |       |       ||     5
       Dart              |       |       |     1 |     3 |       |     1 |       ||     5
       Throwing net      |       |       |       |       |     1 |       |       ||     1
       Javelin           |       |       |       |       |       |     2 |       ||     2
 Cast: Blink             |       |       |       |     5 |       |       |       ||     5
       Manifold Assault  |       |       |       |     2 |     7 |    18 |       ||    27
Invok: Lunge             |       |       |    13 |    30 |    29 |   170 |    98 ||   340
       Whirlwind         |       |       |       |    21 |    45 |   432 |   207 ||   705
       Serpent's Lash    |       |       |       |       |     1 |     2 |     1 ||     4
       Heavenly Storm    |       |       |       |       |       |     4 |       ||     4
 Abil: Wall Jump         |       |       |       |    10 |     7 |    37 |     9 ||    63
Evoke: Wand              |       |       |       |     8 |     1 |    10 |     4 ||    23
       Phantom mirror    |       |       |       |       |       |     1 |     1 ||     2
  Use: Scroll            |     2 |     3 |     4 |    10 |       |    15 |     4 ||    38
       Potion            |       |       |       |     4 |     2 |     1 |     2 ||     9
 Stab: Sleeping          |     3 |     9 |    23 |    18 |    23 |   135 |    54 ||   265
       Distracted        |       |     1 |       |     3 |       |    10 |     7 ||    21
       Invisible         |       |       |       |     2 |       |       |       ||     2
       Fleeing           |       |       |       |       |       |       |     2 ||     2
Armor: Leather armour    |    31 |     9 |    34 |    28 |     8 |   106 |    43 ||   259
Dodge: Dodged            |    59 |    30 |    40 |   131 |    52 |   445 |   218 ||   975
Block: Buckler           |       |       |       |       |    20 |   178 |   210 ||   408
       Reflection        |       |       |       |       |       |    15 |    31 ||    46

Table legend: (Time is in decaauts)
 A = Elapsed time spent in this place.
 B = Non-inter-level travel time spent in this place.
 C = Inter-level travel time spent in this place.
 D = Time resting spent in this place.
 E = Time spent auto-exploring this place.
 F = Levels seen in this place.
 G = Mean time per level.
                   A        B        C        D        E       F      G
               +--------+--------+--------+--------+--------+-----+--------+
         Total |  40162 |  37437 |   2725 |   7886 |  19502 |  39 | 1029.8 |
       Dungeon |  15786 |  14726 |   1060 |   2263 |   9014 |  15 | 1052.4 |
        Temple |     68 |     35 |     33 |      0 |     28 |   1 |   68.0 |
          Lair |   6999 |   6328 |    671 |    921 |   3823 |   6 | 1166.5 |
         Swamp |   4399 |   4124 |    275 |   1242 |   2124 |   4 | 1099.8 |
     Snake Pit |   6242 |   5833 |    409 |   1911 |   2546 |   4 | 1560.5 |
  Orcish Mines |   1239 |   1173 |     66 |     69 |    478 |   2 |  619.5 |
        Vaults |   1992 |   1784 |    208 |    222 |   1184 |   2 |  996.0 |
        Bailey |    519 |    519 |      0 |    384 |      0 |   1 |  519.0 |
      Ice Cave |   1073 |   1073 |      0 |    423 |      0 |   1 | 1073.0 |
       Volcano |    390 |    390 |      0 |     95 |     50 |   1 |  390.0 |
    Desolation |    689 |    689 |      0 |      4 |    196 |   1 |  689.0 |
      Gauntlet |    761 |    761 |      0 |    352 |     58 |   1 |  761.0 |
               +--------+--------+--------+--------+--------+-----+--------+

Top non-repeatable levels by time:
 Snake:3: 2676 daAuts
     D:2: 2020 daAuts
  Lair:6: 1558 daAuts
  Lair:2: 1549 daAuts
 Swamp:1: 1442 daAuts
Vaults:1: 1441 daAuts
    D:11: 1432 daAuts
  Lair:1: 1416 daAuts
 Snake:4: 1382 daAuts
    D:12: 1218 daAuts
     D:1: 1191 daAuts
 Snake:2: 1181 daAuts
     D:8: 1156 daAuts
     D:9: 1081 daAuts
   IceCv: 1073 daAuts
